 Dungeon Crawl Stone Soup version 0.21.1-1-g345015fe64 (webtiles) character file.

81 Hercules1031 the Skirmisher (level 4, 0/30 HPs)
             Began as a Gargoyle Fighter on June 10, 2018.
             Slain by a gnoll
             ... wielding a +0 spear
              (6 damage)
             ... on level 3 of the Dungeon.
             The game lasted 00:08:04 (1705 turns).

Hercules1031 the Skirmisher (Gargoyle Fighter)      Turns: 1705, Time: 00:08:04

Health: 0/30       AC: 12    Str: 19 (20) XL:     4   Next: 42%
Magic:  4/4        EV: 12    Int: 13 (14) God:
Gold:   87         SH:  0    Dex: 13 (14) Spells: 3/3 levels left

rFire    . . .     SeeInvis .   a - +0 flail
rCold    . . .     Gourm    .   c - +0 shield
rNeg     + . .     Faith    .   b - +0 scale mail
rPois    ∞         Spirit   .   (no helmet)
rElec    +         Reflect  .   e - scarf {cloud immunity}
rCorr    .         Harm     .   (no gloves)
MR       +....                  (no boots)
Stlth    ..........             (no amulet)
HPRegen  0.10/turn              o - ring of protection from magic
MPRegen  0.09/turn              p - +3 ring of intelligence

@: confused, agile
A: slimy green scales 1, clever 1, negative energy resistance 1, electricity
resistance, wild magic 1, unbreathing, petrification resistance, rot immunity,
AC +3
a: no special abilities


You were on level 3 of the Dungeon.
You were not hungry.

You visited 1 branch of the dungeon, and saw 3 of its levels.

You collected 87 gold pieces.

Inventory:

Hand Weapons
 a - a +0 flail (weapon)
 r - a +0 great sword
Armour
 b - a +0 scale mail (worn)
 c - a +0 shield (worn)
 e - a scarf of cloud immunity (worn)
Jewellery
 o - a ring of protection from magic (left hand)
 p - a +3 ring of intelligence (right hand)
Scrolls
 i - a scroll of teleportation
 j - a scroll of identify
 s - a scroll of magic mapping
Potions
 d - a potion of might
 g - a potion of degeneration
Comestibles
 f - a ration


   Skills:
 * Level 4.3 Fighting
 + Level 2.6 Maces & Flails
 + Level 3.8 Armour
 + Level 3.8 Shields


You had 3 spell levels left.
You didn't know any spells.

Dungeon Overview and Level Annotations

Branches:
Dungeon (3/15)

Altars:
Okawaru


Innate Abilities, Weirdness & Mutations

You are resistant to torment.
Your stone body is resilient. (AC +3)
You are immune to poison.
You resist negative energy. (rN+)
You are resistant to electric shocks. (rElec)
You can survive without breathing.
You are immune to petrification.
You are immune to rotting.
You are partially covered in slimy green scales. (AC +2)
Your mind is acute. (Int +2)
Your spells are a little harder to cast, but a little more powerful.


Message History

You kill the gnoll!
The gnoll closely misses you. The gnoll misses you.
You block the gnoll's attack. The gnoll misses you.
The rat bites you but does no damage.
You sock the rat!
You kill the rat!
You block the gnoll's attack.
The gnoll hits you from afar with a spear.
* * * LOW HITPOINT WARNING * * *
It was a potion of ambrosia.
You are confused.
You feel invigorated. The gnoll hits you but does no damage.
The gnoll hits you from afar with a spear.
* * * LOW HITPOINT WARNING * * *
You bump into the rock wall.
The gnoll hits you from afar with a spear.
* * * LOW HITPOINT WARNING * * *
The gnoll hits you but does no damage.
The gnoll hits you from afar with a spear.
You die...

#. #. #
#. .#
.##.##
... .
#.#.#
#.###.#.#
#...@.).#
#####g###
#..g#
#...#
#...#
#...#
#..>#
#...#
.....


You could see 2 gnolls.

Vanquished Creatures
  2 gnolls (D:3)
  An adder (D:2)
  A dart slug (D:1)
  A leopard gecko (D:2)
  3 bats
  2 giant cockroaches (D:1)
  6 goblins
  8 hobgoblins
  4 jackals (D:1)
  5 kobolds
  A frilled lizard (D:2)
  18 rats
52 creatures vanquished.

Notes
Turn   | Place    | Note
-------+----------+-------------------------------------------
     0 | D:1      | Hercules1031 the Gargoyle Fighter began the quest for the Orb.
     0 | D:1      | Reached XP level 1. HP: 14/14 MP: 1/1
    78 | D:1      | Reached XP level 2. HP: 18/19 MP: 2/2
   407 | D:1      | Reached XP level 3. HP: 13/24 MP: 3/3
   781 | D:1      | Reached skill level 4 in Fighting
  1176 | D:2      | Found an iron altar of Okawaru.
  1335 | D:2      | Reached XP level 4. HP: 29/29 MP: 4/4
  1700 | D:3      | Gained mutation: Your spells are a little harder to cast, but a little more powerful. [potion of mutation]
  1700 | D:3      | Gained mutation: You are partially covered in slimy green scales. (AC +2) [potion of mutation]
  1700 | D:3      | Gained mutation: Your mind is acute. (Int +2) [potion of mutation]
  1705 | D:3      | Slain by a gnoll

Skill      XL: |  1  2  3 |
---------------+----------+-----
Fighting       | 4 |  4.3
Maces & Flails | |  2.6
Armour         | |  3.8
Shields        | |  3.8

Action                   |  1- 3 |  4- 6 || total
-------------------------+-------+-------++-------
Melee: Flail             |   156 |    28 ||   184
  Use: Scroll            |     1 |     6 ||     7
       Potion            |       |     4 ||     4
  Eat: Ration            |     2 |       ||     2
Armor: Scale mail        |   101 |    31 ||   132
Dodge: Dodged            |    72 |    15 ||    87
Block: Shield            |   108 |    26 ||   134
